 Dungeon Crawl Stone Soup version 0.30-a0-793-g160f7cfddd (webtiles) character file.

Game seed: 17772359179815351853

18069 pokeman the Eclecticist (level 12, -3/66 HPs)
             Began as a Deep Elf Hedge Wizard on Feb 19, 2023.
             Was a Priest of Vehumet.
             Slain by a death yak simulacrum (60 damage)
             ... on level 12 of the Dungeon.
             The game lasted 00:34:43 (12985 turns).

pokeman the Eclecticist (Deep Elf Hedge Wizard)    Turns: 12985, Time: 00:34:44

Health: -3/66      AC: 18    Str: 12    XL:     12   Next: 24%
Magic:  34/34      EV: 13    Int: 25    God:    Vehumet [***...]
Gold:   828        SH:  0    Dex: 19    Spells: 31/43 levels left

rFire   . . .      SeeInvis .    b - +1 quarterstaff "Ejaomnu" {spect, rC- Str+3 Stlth+}
rCold   x . .      Faith    .    (shield currently unavailable)
rNeg    . . .      Spirit   .    q - +3 leather armour of Rajouti {Will++ Stlth+}
rPois   +          Reflect  .    U - +1 hat
rElec   +          Harm     .    n - +5 cloak of Light {Contam Rampage Dex+3}
rCorr   .          Rampage  +    D - +0 pair of gloves
Will    +++..                    X - +2 pair of boots of Ythus {Str+2}
Stlth   ++++                     p - amulet of magic regeneration
HPRegen 0.31/turn                j - ring of wizardry
MPRegen 0.64/turn                B - ring of the Leaf {rElec rPois Dex+2}

@: no status effects
A: no striking features
a: Renounce Religion


You were on level 12 of the Dungeon.
You worshipped Vehumet.
Vehumet was most pleased with you.
You visited 2 branches of the dungeon, and saw 13 of its levels.

You collected 1134 gold pieces.
You spent 306 gold pieces at shops.

Inventory:

Hand Weapons
 b - the +1 quarterstaff "Ejaomnu" (weapon) {spect, rC- Str+3 Stlth+}
   (You found it on level 10 of the Dungeon)

   Str:       It affects your strength (+3).
   rC:        It makes you vulnerable to cold.
   Stlth:     It makes you more stealthy.
 m - the +5 long sword of Reapportionment {drain, Str+5}
   (You found it on level 11 of the Dungeon)

   Str:       It affects your strength (+5).
 r - the +0 falchion of Posoagigg {drain, rC++ Dex+2 SInv}
   (You took it off a kobold on level 2 of the Dungeon)

   Dex:       It affects your dexterity (+2).
   rC:        It greatly protects you from cold.
   SInv:      It lets you see invisible.
 H - a +0 glaive of venom
Missiles
 R - 2 curare-tipped darts
Armour
 n - the +5 cloak of Light (worn) {Contam Rampage Dex+3}
   (You found it on level 11 of the Dungeon)

   Dex:       It affects your dexterity (+3).
   Contam:    It causes magical contamination when unequipped.
   Rampage:   It bestows one free step when moving towards enemies.
 q - the +3 leather armour of Rajouti (worn) {Will++ Stlth+}
   (You found it on level 2 of the Dungeon)

   Will:      It greatly increases your willpower.
   Stlth:     It makes you more stealthy.
 D - a +0 pair of gloves (worn)
 P - a scarf of resistance
 U - a +1 hat (worn)
 X - the +2 pair of boots of Ythus (worn) {Str+2}
   (You found it on level 10 of the Dungeon)

   Str:       It affects your strength (+2).
 Y - a +0 buckler
Jewellery
 j - a ring of wizardry (left hand)
 k - a +6 ring of intelligence
 l - a ring of willpower
 p - an amulet of magic regeneration (around neck)
 s - an amulet of regeneration
 w - a +6 ring of strength
 x - a ring of willpower
 B - the ring of the Leaf (right hand) {rElec rPois Dex+2}
   (You bought it in a shop on level 4 of the Dungeon)

   [ring of poison resistance]

   Dex:       It affects your dexterity (+2).
   rElec:     It insulates you from electricity.
   rPois:     It protects you from poison.
 F - a ring of resist corrosion
 S - a ring of flight
 T - a ring of protection from cold
Wands
 c - a wand of quicksilver (2)
 f - a wand of charming (4)
 h - a wand of flame (9)
 N - a wand of digging (5)
Scrolls
 a - 4 scrolls of teleportation
 e - a scroll of fear
 g - 2 scrolls of magic mapping
 o - 4 scrolls of blinking
 y - 3 scrolls of amnesia
 C - 2 scrolls of vulnerability
 K - 2 scrolls of fog {unknown}
 W - a scroll of poison {unknown}
 Z - a scroll of silence {unknown}
Potions
 d - 2 potions of magic
 i - 8 potions of curing
 t - 2 potions of flight
 u - 8 potions of heal wounds
 v - a potion of degeneration {unknown}
 z - 2 potions of lignification {unknown}
 E - a potion of ambrosia {unknown}
 O - 3 potions of invisibility {unknown}
 V - a potion of haste {unknown}


   Skills:
 - Level 4.0 Fighting
 - Level 4.0 Armour
 - Level 3.0 Dodging
 - Level 3.0 Stealth
 + Level 3.3 Shields
 * Level 16.0 Spellcasting
 + Level 9.4 Conjurations
 + Level 8.4 Summonings
 - Level 1.1 Necromancy
 - Level 1.1 Translocations
 - Level 1.2 Air Magic
 + Level 8.3 Earth Magic
 - Level 1.1 Poison Magic
 - Level 1.2 Evocations


You had 31 spell levels left.
You knew the following spells:

 Your Spells              Type           Power      Damage    Failure   Level
a - Magic Dart            Conj           100%       1d8       1%          1
b - Mephitic Cloud        Conj/Pois/Air  39%        N/A       1%          3
c - Call Imp              Summ           58%        N/A       1%          2
d - Blink                 Tloc           50%        N/A       1%          2
e - Foxfire               Conj/Fire      100%       2x1d9     1%          1
f - Stone Arrow           Conj/Erth      100%       3d13      1%          3

Your spell library contained the following spells:

 Spells                   Type           Power      Damage    Failure   Level
 Inner Flame              Hex/Fire       20%        N/A       1%          3
 Apportation              Tloc           50%        N/A       1%          1
 Slow                     Hex            80%        N/A       1%          1
 Summon Small Mammal      Summ           100%       N/A       1%          1
 Cigotuvi's Dreadful Rot  Necr/Pois/Air  50%        N/A       1%          2
 Sublimation of Blood     Necr           25%        N/A       1%          2
 Wereblood                Tmut           20%        N/A       1%          2
 Call Canine Familiar     Summ           58%        N/A       1%          3
 Frozen Ramparts          Ice            40%        1d7       1%          3
 Summon Guardian Golem    Hex/Summ       41%        N/A       1%          3
 Animate Armour           Summ/Erth      100%       N/A       1%          4
 Summon Ice Beast         Ice/Summ       41%        N/A       2%          4
 Manifold Assault         Tloc           25%        N/A       9%          4
 Ice Form                 Ice/Tmut       20%        N/A       13%         4
 Alistair's Intoxication  Tmut/Pois      14%        N/A       28%         5
 Summon Hydra             Summ           29%        N/A       32%         7
 Lehudib's Crystal Spear  Conj/Erth      29%        10d8      47%         8
 Storm Form               Tmut/Air       11%        N/A       100%        7


Dungeon Overview and Level Annotations

Branches:
Dungeon (12/15)            Temple (1/1) D:6            Lair (0/5) D:11
    Orc (0/2) D:9

Altars:
Ashenzari
Cheibriados
Dithmenos
Elyvilon
Fedhas
Gozag
Hepliaklqana
Kikubaaqudgha
Makhleb
Nemelex Xobeh
Okawaru
Qazlal
Ru
Sif Muna
Trog
Uskayaw
Vehumet
Wu Jian
Xom
Yredelemnul
Zin
The Shining One

Shops:
D:3 !   D:4 *

Portals:
Ice
Cave: D:12


Message History

The foxfire hits the wolf simulacrum!
The wolf simulacrum melts!
The wolf simulacrum is heavily damaged.
Casting: Foxfire (safe; 1% risk of failure)
Confirm with . or Enter, or press ? or * to list all spells.
You conjure some foxfire!
You closely miss the wolf simulacrum.
The wolf simulacrum is heavily damaged.
Your +1 quarterstaff "Ejaomnu" {spect, rC- Str+3 Stlth+} hits the wolf simulacrum!
The wolf simulacrum vaporises!
Vehumet accepts your kill.
You feel your power returning.
The foxfire hits something.
Something hits your +1 quarterstaff "Ejaomnu" {spect, rC- Str+3 Stlth+}.
Your spectral weapon shares its damage with you!
The foxfire hits something.
Something barely misses your +1 quarterstaff "Ejaomnu" {spect, rC- Str+3 Stlth+}.
Deactivating autopickup; reactivate with Ctrl-A.
You barely miss something.
Your +1 quarterstaff "Ejaomnu" {spect, rC- Str+3 Stlth+} hits something.
Something hits you but does no damage.
Casting: Foxfire (safe; 1% risk of failure)
Confirm with . or Enter, or press ? or * to list all spells.
You conjure some foxfire!
Something hits you.
Casting: Foxfire (safe; 1% risk of failure)
Confirm with . or Enter, or press ? or * to list all spells.
You conjure some foxfire!
The foxfire hits something. x3
The foxfire hits the death yak simulacrum.
The death yak simulacrum is lightly damaged.
You hear a sizzling sound!
Casting: Foxfire (safe; 1% risk of failure)
Confirm with . or Enter, or press ? or * to list all spells.
You conjure some foxfire!
Something hits you.
You hit the death yak simulacrum.
The death yak simulacrum is lightly damaged.
Your +1 quarterstaff "Ejaomnu" {spect, rC- Str+3 Stlth+} hits the death yak simulacrum.
The foxfire hits something but does no damage.
The foxfire hits something.
Something hits you. The death yak simulacrum gores you.
The death yak simulacrum freezes you!!!
You feel a terrible chill!
Ouch! That really hurt!
You die...

,,,,,,,,,*#######.# *,,,,,,,,,**
,,******,,........# **,******,*~
,,* ****,,##......# *,,,,* *,*~
,,* *,,,!,*#......# *,,,,*****~
*** *,,,..,#......#****,,,,+,,,*~
* *,,,...#......#,,,*,,,,*****~ *
*,,,).........#,,.#,,,,,,,,*~
********#.#.....§§#...##****,*,+,
,,,,,,,,.......(@§.......,,,,,>*~
,,,,,,,,,.#####Z#########***,*,*~
***############Z# *,*,*~
,,,.......<..##.#* *,*,*~
,,,....#.....##..#*# *,*,*~
***#**,#.....###.§.#*** *,*,*~
*,#....z#*#.....,* *,*,**
*,#.....#.....Z..#*****,,,*
*,#...........ZZ..,,,,,,,,*


You could see a death yak simulacrum, a troll simulacrum and a friendly +1
quarterstaff "Ejaomnu" {spect, rC- Str+3 Stlth+} (summoned).

Vanquished Creatures
  A boulder beetle (D:11)
  Erica (D:9)
  2 two-headed ogres
  5 skeletal warriors
  Pikel (D:6)
  5 unseen horrors
  Maggie (D:7)
  A kobold demonologist (D:10)
  5 trolls
  13 hornets
  A shadow (D:11)
  Sigmund (D:6)
  2 wyverns
  Menkaure (D:6)
  5 yaks (D:10)
  2 steam dragons
  4 vampire mosquitoes (D:12)
  An acid dragon (D:12)
  5 water moccasins
  Duvessa (D:7)
  5 orc warriors
  A sky beast (D:7)
  A black bear (D:4)
  An ogre (D:5)
  A wolf (D:11)
  5 centaurs
  2 phantoms
  2 kobold brigands
  5 bullfrogs
  A gnoll sergeant (D:7)
  3 necrophages
  4 scorpions
  8 wights
  Dowan (D:7)
  2 electric eels (D:11)
  3 howler monkeys (D:9)
  A jelly (D:7)
  10 hounds
  4 orc priests
  Terence (D:2)
  2 iguanas
  6 orc wizards
  A scorpion zombie (D:3)
  A wolf simulacrum (D:12)
  9 gnolls
  6 adders
  2 shadow imps (D:6)
  A white imp (D:6)
  An ufetubus (D:6)
  An adder zombie (D:3)
  5 worms
  4 dart slugs
  49 orcs
  9 endoplasms
  4 giant cockroaches
  8 goblins
  8 hobgoblins
  5 jackals
  18 kobolds
  5 quokkas
  10 ball pythons
  A ball python zombie (D:3)
  7 bats
  3 frilled lizards (D:1)
  4 rats
289 creatures vanquished.

Vanquished Creatures (collateral kills)
  An ogre (D:5)
  A necrophage (D:5)
  A scorpion (D:5)
  A jelly (D:5)
  An adder zombie (D:3)
5 creatures vanquished.

Vanquished Creatures (others)
  An ice beast (D:5)
  140 foxfires
141 creatures vanquished.

Grand Total: 435 creatures vanquished

Notes
Turn   | Place    | Note
-------+----------+-------------------------------------------
     0 | D:1      | pokeman the Deep Elf Hedge Wizard began the quest for the
                  | Orb.
     0 | D:1      | Reached XP level 1. HP: 10/10 MP: 7/7
   179 | D:1      | Reached XP level 2. HP: 15/15 MP: 7/9
   644 | D:1      | Reached skill level 5 in Spellcasting
   836 | D:1      | Reached XP level 3. HP: 20/20 MP: 8/11
   840 | D:1      | Learned a level 3 spell: Mephitic Cloud
   843 | D:1      | Learned a level 2 spell: Blink
   846 | D:1      | Learned a level 2 spell: Call Imp
  1346 | D:2      | Reached skill level 1 in Fighting
  1360 | D:2      | Reached skill level 1 in Armour
  1610 | D:2      | Found a blossoming altar of Fedhas.
  1738 | D:2      | Identified the +3 leather armour of Rajouti {Will++ Stlth+}
  1833 | D:2      | Noticed Terence
  1850 | D:2      | Killed Terence
  1851 | D:2      | Reached XP level 4. HP: 12/25 MP: 7/13
  2714 | D:2      | Identified the +0 falchion of Posoagigg {drain, rC++ Dex+2
                  | SInv}
  3002 | D:3      | Found a faded altar of an unknown god.
  3287 | D:3      | Found Ivvib's Distillery.
  3298 | D:3      | Bought 2 potions of heal wounds for 120 gold pieces
  3397 | D:3      | Reached skill level 6 in Spellcasting
  3406 | D:3      | Reached XP level 5. HP: 20/29 MP: 13/15
  3441 | D:3      | Found a basalt altar of Yredelemnul.
  4114 | D:4      | Learned a level 3 spell: Stone Arrow
  4131 | D:4      | Found Moumm's Assorted Antiques.
  4203 | D:4      | Reached skill level 1 in Shields
  4321 | D:4      | Noticed a black bear
  4327 | D:4      | Killed a black bear
  4328 | D:4      | Reached skill level 1 in Air Magic
  4328 | D:4      | Reached skill level 1 in Earth Magic
  4328 | D:4      | Reached XP level 6. HP: 34/34 MP: 12/17
  4439 | D:4      | Reached skill level 7 in Spellcasting
  4895 | D:4      | Bought a crude turquoise ring for 120 gold pieces
  4895 | D:4      | Identified the ring of the Leaf {rElec rPois Dex+2} (You
                  | bought it in a shop on level 4 of the Dungeon)
  4905 | D:5      | Entered Level 5 of the Dungeon
  4930 | D:5      | Reached skill level 1 in Poison Magic
  4944 | D:5      | Noticed a water moccasin
  4956 | D:5      | Killed a water moccasin
  4957 | D:5      | Reached skill level 1 in Necromancy
  4957 | D:5      | Reached XP level 7. HP: 31/38 MP: 8/20
  5065 | D:5      | Reached skill level 1 in Evocations
  5260 | D:5      | Killed an unseen horror
  5261 | D:5      | Reached skill level 8 in Spellcasting
  5319 | D:5      | Reached XP level 8. HP: 44/44 MP: 15/22
  5457 | D:5      | Reached skill level 9 in Spellcasting
  6118 | D:6      | Reached skill level 5 in Conjurations
  6299 | D:6      | Reached skill level 10 in Spellcasting
  6509 | D:6      | Reached XP level 9. HP: 48/48 MP: 18/25
  6674 | D:6      | Found a staircase to the Ecumenical Temple.
  6674 | D:6      | Noticed Sigmund
  6710 | D:6      | Killed Sigmund
  6719 | Temple   | Entered the Ecumenical Temple
  6915 | Temple   | Became a worshipper of Vehumet
  7030 | D:6      | Noticed Menkaure
  7032 | D:6      | Killed Menkaure
  7244 | D:6      | Noticed Pikel
  7253 | D:6      | Killed Pikel
  7254 | D:6      | Reached skill level 11 in Spellcasting
  7391 | D:4      | Bought a scroll labelled ITOMUE WAROEVE for 24 gold pieces
  7391 | D:4      | Bought a smoky golden potion for 21 gold pieces
  7391 | D:4      | Bought a green potion for 21 gold pieces
  7449 | D:7      | Noticed Maggie
  7456 | D:7      | Killed Maggie
  7457 | D:7      | Reached skill level 5 in Summonings
  7524 | D:7      | Reached skill level 5 in Earth Magic
  7733 | D:7      | Noticed Duvessa
  7733 | D:7      | Noticed Dowan
  7736 | D:7      | Killed Dowan
  7737 | D:7      | Reached skill level 12 in Spellcasting
  7740 | D:7      | Killed Duvessa
  7754 | D:7      | Reached XP level 10. HP: 53/53 MP: 7/28
  7764 | D:7      | Reached * piety under Vehumet
  7764 | D:7      | Offered knowledge of Foxfire by Vehumet.
  7767 | D:7      | Learned a level 1 spell: Foxfire
  8279 | D:7      | Found a hide-covered altar of Uskayaw.
  8455 | D:7      | Found a bloodstained altar of Trog.
  9265 | D:9      | Noticed a two-headed ogre
  9271 | D:9      | Killed a two-headed ogre
  9272 | D:9      | Reached skill level 13 in Spellcasting
  9374 | D:9      | Found a staircase to the Orcish Mines.
  9624 | D:9      | Noticed Erica
  9642 | D:9      | Killed Erica
  9832 | D:10     | Entered Level 10 of the Dungeon
  9886 | D:10     | Offered knowledge of Poisonous Vapours by Vehumet.
  9886 | D:10     | Reached ** piety under Vehumet
 10072 | D:10     | Reached XP level 11. HP: 16/60 MP: 16/30
 10096 | D:10     | Identified the +2 pair of boots of Ythus {Str+2}
 10356 | D:10     | Reached skill level 14 in Spellcasting
 10366 | D:10     | Offered knowledge of Hailstorm by Vehumet.
 10416 | D:10     | Identified the +1 quarterstaff "Ejaomnu" {spect, rC- Str+3
                  | Stlth+}
 10946 | D:10     | Found an ancient bone altar of Kikubaaqudgha.
 10946 | D:10     | Found a glowing silver altar of Zin.
 11217 | D:9      | Reached *** piety under Vehumet
 11489 | D:11     | Identified the +5 long sword of Reapportionment {drain,
                  | Str+5}
 11576 | D:11     | Noticed a skeletal warrior
 11581 | D:11     | Noticed a skeletal warrior
 11582 | D:11     | Found a staircase to the Lair.
 11587 | D:11     | Killed a skeletal warrior
 11588 | D:11     | Reached skill level 15 in Spellcasting
 11593 | D:11     | Killed a skeletal warrior
 11814 | D:11     | Identified the +5 cloak of Light {Contam Rampage Dex+3}
 11876 | D:11     | Noticed a two-headed ogre
 11883 | D:11     | Killed a two-headed ogre
 11978 | D:11     | Noticed a boulder beetle
 11994 | D:11     | Killed a boulder beetle
 11994 | D:11     | Offered knowledge of Inner Flame by Vehumet.
 11994 | D:11     | Noticed a skeletal warrior
 11995 | D:11     | Reached XP level 12. HP: 42/66 MP: 8/33
 12291 | D:11     | Found a glowing golden altar of the Shining One.
 12667 | D:11     | Identified the +1 robe of Dim Light {Harm rCorr Int+4
                  | Stlth-}
 12921 | D:12     | Reached skill level 16 in Spellcasting
 12974 | D:12     | Found a frozen archway.
 12985 | D:12     | Slain by a death yak simulacrum

Illustrated notes

Levels and vault maps discovered:
D:1:      scummos_arrival_simple_crosswalls, layout_basic, nrook_mini_vaults
D:2:      minmay_razor_zed, layout_basic, minmay_hexomino_r4, uniq_terence
D:3:      layout_basic, nicolae_yredelemnul_corpse_copse,
          ebering_ecumenical_altar_mist, serial_shops, nicolae_shop_statue_plus
D:4:      layout_cave_pools, serial_shops, nicolae_shop_statue_plus,
          minmay_misc_feat_encased, kennysheep_potato
D:5:      layout_basic, kennysheep_generic_room_7
D:6:      layout_basic, minmay_temple_entry_sparse_star, uniq_menkaure,
          uniq_pikel, uniq_sigmund
D:7:      layout_loops_ring, mainiacjoe_overflow_big_doors, uniq_duvessa,
          uniq_maggie
D:8:      layout_basic, hangedman_abyss_or_decor_stabs
D:9:      layout_roguey, orc_david_3, hive_lemuel, uniq_erica
D:10:     layout_roguey [special_room_orc], gammafunk_temple_overflow_elements
D:11:     layout_basic, erik_lair_island, minmay_misc_feat_enclosed,
          minivault_10, tso_oasis_becter
D:12:     layout_basic, portal_ice_cave_entry_ice_simulacra, kennysheep_path_1
Temple:   minmay_crystal_spiral_temple

Skill      XL: |  1  2  3  4  5  6  7  8  9 10 11 12 |
---------------+-------------------------------------+-----
Spellcasting   | 5 6 7 8 10 12 13 15 16 | 16.0
Fighting       | 1 2 3 4 |  4.0
Armour         | 1 2 3 4 |  4.0
Conjurations   | 2 3 4 5 6 7 9 |  9.4
Stealth        | 3 |  3.0
Dodging        | 3 |  3.0
Shields        | 1 3 |  3.3
Air Magic      | 1 |  1.2
Earth Magic    | 1 2 3 5 6 8 |  8.3
Poison Magic   | 1 |  1.1
Necromancy     | 1 |  1.1
Evocations     | 1 |  1.2
Summonings     | 2 3 5 6 8 |  8.4
Translocations | |  1.1

Action                     |  1- 3 |  4- 6 |  7- 9 | 10-12 || total
---------------------------+-------+-------+-------+-------++-------
  Melee: Dagger            |    33 |       |       |       ||    33
         Falchion          |       |    27 |       |       ||    27
         Punch             |       |     1 |       |       ||     1
         Whip              |       |     2 |    34 |       ||    36
         Glaive            |       |       |    28 |    98 ||   126
         Quarterstaff      |       |       |       |    50 ||    50
   Cast: Magic Dart        |    89 |   159 |    69 |    11 ||   328
         Call Imp          |     1 |     3 |     4 |       ||     8
         Mephitic Cloud    |     1 |     1 |    17 |    46 ||    65
         Stone Arrow       |       |       |    45 |    90 ||   135
         Foxfire           |       |       |       |    80 ||    80
         Blink             |       |       |       |     4 ||     4
  Evoke: Wand              |       |       |       |     2 ||     2
    Use: Scroll            |       |       |       |    18 ||    18
   Stab: Sleeping          |       |     3 |       |       ||     3
         Distracted        |       |     1 |       |       ||     1
         Confused          |       |       |    10 |    17 ||    27
 Armour: Robe              |     7 |       |       |       ||     7
         Leather armour    |       |    21 |    14 |    57 ||    92
  Dodge: Dodged            |    36 |    44 |    31 |    98 ||   209

Table legend: (Time is in decaauts)
 A = Elapsed time spent in this place.
 B = Non-inter-level travel time spent in this place.
 C = Inter-level travel time spent in this place.
 D = Time resting spent in this place.
 E = Time spent auto-exploring this place.
 F = Levels seen in this place.
 G = Mean time per level.
                   A        B        C        D        E       F      G
               +--------+--------+--------+--------+--------+-----+--------+
         Total |  13104 |  12367 |    737 |    245 |  10020 |  13 | 1008.0 |
       Dungeon |  12790 |  12143 |    647 |    245 |   9847 |  12 | 1065.8 |
        Temple |    314 |    225 |     89 |      0 |    173 |   1 |  314.0 |
               +--------+--------+--------+--------+--------+-----+--------+

Top non-repeatable levels by time:
    D:11: 1588 daAuts
     D:2: 1586 daAuts
    D:10: 1246 daAuts
     D:4: 1236 daAuts
     D:5: 1208 daAuts
     D:1: 1173 daAuts
     D:7: 1141 daAuts
     D:6: 1057 daAuts
     D:3: 930 daAuts
     D:9: 799 daAuts
     D:8: 693 daAuts
  Temple: 314 daAuts
    D:12: 129 daAuts
